 Dungeon Crawl Stone Soup version 0.18.1-8-gdd0e5ea (webtiles) character file.

5260 Hipnos the Geomancer (level 10, -3/56 HPs)
             Began as a Gargoyle Earth Elementalist on May 23, 2016.
             Was a Believer of Vehumet.
             Slain by a hill giant
             ... wielding a +0 giant spiked club
              (19 damage)
             ... on level 11 of the Dungeon.
             The game lasted 00:42:53 (10383 turns).

Hipnos the Geomancer (Gargoyle Earth Elementalist) Turns: 10383, Time: 00:42:54

Health: -3/56      AC: 14    Str: 13    XL:     10   Next: 62%
Magic:  21/21      EV: 13    Int: 18    God:    Vehumet [**....]
Gold:   540        SH:  0    Dex: 10    Spells: 5 memorised, 9 levels left

rFire  . . .     SeeInvis .     D - +6 whip "Brush" {slash, rC+}
rCold  + . .     Gourm    .     a - +0 robe
rNeg   + . .     Faith    .     (no shield)
rPois  ∞         Spirit   .     (no helmet)
rElec  +         Dismiss  .     y - +2 cloak {MR+}
rCorr  .         Reflect  .     r - +0 pair of gloves
SustAt .         Harm     .     K - +0 pair of boots {Stlth+}
MR     +....                    (no amulet)
Stlth  ++........               (no ring)
                                s - ring of wizardry

@: confused, very slightly contaminated, invisible, somewhat resistant to
hostile enchantments, unstealthy
A: negative energy resistance 1, regeneration 1, electricity resistance,
unbreathing, evolution 2, petrification resistance, rot immunity, AC +7
a: Renounce Religion


You were on level 11 of the Dungeon.
You worshipped Vehumet.
Vehumet was pleased with you.
You were very hungry.

You visited 2 branches of the dungeon, and saw 12 of its levels.

You collected 540 gold pieces.

Inventory:

Hand Weapons
 k - a +0 whip
 v - a +2 whip of flaming
 D - the +6 whip "Brush" (weapon) {slash, rC+}
   (You found it on level 7 of the Dungeon)

   It inflicts extra damage upon your enemies.
   It protects you from cold.
Missiles
 b - 153 stones (quivered)
Armour
 a - a +0 robe (worn)
 e - a +0 pair of boots
 r - a +0 pair of gloves (worn)
 y - a +2 cloak of magic resistance (worn)
 F - a +0 ring mail
 K - a +0 pair of boots of stealth (worn)
Jewellery
 s - a ring of wizardry (left hand)
Wands
 w - a wand of confusion (35/48)
 A - a wand of iceblast (7/15)
 H - a wand of confusion (7/48)
 I - a wand of confusion (26/48)
 L - a wand of heal wounds (7/9)
 O - a wand of enslavement (9/24)
Scrolls
 o - 5 scrolls of recharging
 q - 5 scrolls of magic mapping
 u - a scroll of remove curse
 x - a scroll of amnesia
 C - a scroll of enchant weapon
 E - a scroll of identify
 G - a scroll of random uselessness
Potions
 i - 2 potions of flight
 m - a potion of agility {unknown}
 n - a potion of mutation
 t - a potion of resistance
 z - a potion of invisibility
 J - 2 potions of brilliance
 M - a potion of haste {unknown}
 N - a potion of might
Books
 c - a book of Geomancy

   Spells                             Type                      Level
   a - Sandblast                      Earth                        1
   b - Passwall                       Transmutation/Earth          2
   c - Stone Arrow                    Conjuration/Earth            3
   d - Petrify                        Transmutation/Earth          4
   e - Lee's Rapid Deconstruction     Earth                        5
Comestibles
 d - 5 bread rations
 f - a royal jelly
 g - 4 meat rations
 B - 5 fruits


   Skills:
 * Level 4.0 Fighting
 * Level 3.9 Maces & Flails
 * Level 4.0 Armour
 + Level 4.6 Dodging
 - Level 2.1 Stealth
 + Level 7.8 Spellcasting
 + Level 1.0 Conjurations
 - Level 1.0 Transmutations
 + Level 11.8 Earth Magic


You had 9 spell levels left.
You knew the following spells:

 Your Spells              Type           Power        Failure   Level  Hunger
a - Sandblast             Erth           #####.       1%          1    None
b - Passwall              Trmt/Erth      ####......   1%          2    None
c - Stone Arrow           Conj/Erth      ####..       1%          3    #......
d - Petrify               Trmt/Erth      ####....     4%          4    ###....
e - Lee's Rapid Deconstr  Erth           #####.....   1%          5    #####..


Dungeon Overview and Level Annotations

Branches:
Dungeon (11/15)            Temple (1/1) D:5             Orc (0/2) D:9
   Lair: D:8-11

Altars:
Ashenzari
Cheibriados
Dithmenos
Fedhas
Gozag
Makhleb
Nemelex Xobeh
Pakellas
Qazlal
Sif Muna
Trog
Vehumet
Xom
Yredelemnul
Zin
Beogh

Shops:
D:5 [   D:10 }


Innate Abilities, Weirdness & Mutations

You are resistant to torment.
Your stone body is resilient (AC +7).
You are immune to poison.
You resist negative energy.
You are resistant to electric shocks.
You can survive without breathing.
You are immune to petrification.
You are immune to rotting.
Your natural rate of healing is unusually fast.
You rapidly evolve.


Message History

Drink which item? (? for menu, Esc to quit)
Okay, then.
Drink which item? (? for menu, Esc to quit)
Okay, then.
Drink which item? (? for menu, Esc to quit)
You are confused.
You feel invigorated.
A kobold comes into view. It is wielding a dagger.
You tear a large gash into the net.
You are feeling very hungry.
The kobold shouts!
The hill giant barely misses you. The komodo dragon bites you.
* * * LOW HITPOINT WARNING * * *
You struggle against the net.
The komodo dragon bites you.
* * * LOW HITPOINT WARNING * * *
A kobold comes into view. It is wielding a dagger.
You shred the net and break free!
The kobold shouts!
The hill giant hits you with a giant spiked club!!
You die...

####.....# .....
...#.....#######.K.....
...#...................
...#.............KK...
...#.............KK..
...#..............K#
...#.######........#
+#+#.# ##....lC.# ..
#...$@..# +## #.#####Z#
#.# .# #.# .. ≈.# ...
..# Z... .#.# .....
##.# ..####


You could see a hill giant, a komodo dragon, a big kobold (wandering), a worker
ant zombie and 5 kobolds.

Vanquished Creatures
  Pikel (D:6)
  A gargoyle (D:11)
  2 trolls
  A two-headed ogre (D:9)
  A wyvern (D:8)
  A soldier ant (D:10)
  The ghost of raph the Magician, an amateur DEFE (D:3)
  A black bear (D:10)
  7 orc warriors
  A sky beast (D:8)
  2 phantoms
  A slave (D:5)
  4 ogres
  2 necrophages
  5 centaurs
  5 giant frogs
  3 scorpions
  4 wights (D:8)
  2 crimson imps
  2 hounds (D:10)
  2 centaur skeletons (D:6)
  2 orc priests
  5 jellies
  An orc wizard (D:6)
  2 worker ants
  An iguana (D:8)
  A killer bee zombie (D:9)
  A hound skeleton (D:4)
  9 gnolls
  9 adders
  A shadow imp (D:9)
  An ooze (D:3)
  An adder skeleton (D:4)
  6 worms
  2 dart slugs
  3 giant geckos
  42 orcs
  4 ball pythons
  5 giant cockroaches
  15 goblins
  8 hobgoblins
  11 jackals
  7 kobolds
  9 quokkas
  6 bats
  7 giant newts
  A quokka skeleton (D:4)
  4 rats
213 creatures vanquished.

Vanquished Creatures (others)
  A slave (D:6)
  A gnoll (D:6)
  2 orcs (D:6)
  A rat (D:1)
5 creatures vanquished.

Grand Total: 218 creatures vanquished

Notes
Turn   | Place    | Note
--------------------------------------------------------------
     0 | D:1      | Hipnos the Gargoyle Earth Elementalist began the quest for the Orb.
     0 | D:1      | Reached XP level 1. HP: 10/10 MP: 3/3
    73 | D:1      | Reached skill level 4 in Earth Magic
   100 | D:1      | Reached XP level 2. HP: 15/15 MP: 1/5
   530 | D:2      | Reached XP level 3. HP: 19/19 MP: 4/6
   753 | D:2      | Reached skill level 5 in Earth Magic
   869 | D:2      | Reached XP level 4. HP: 24/24 MP: 4/8
  1202 | D:3      | Learned a level 2 spell: Passwall
  1206 | D:3      | Learned a level 3 spell: Stone Arrow
  1570 | D:3      | Found a bloodstained altar of Trog.
  1920 | D:3      | Reached XP level 5. HP: 28/28 MP: 5/9
  2045 | D:3      | Found a burning altar of Makhleb.
  2169 | D:3      | Reached skill level 6 in Earth Magic
  2217 | D:3      | Noticed raph's ghost (amateur DEFE)
  2231 | D:3      | Killed raph's ghost
  2231 | D:3      | Reached XP level 6. HP: 19/32 MP: 1/11
  2606 | D:4      | Noticed a phantom
  2622 | D:4      | Killed a phantom
  2622 | D:4      | Reached skill level 7 in Earth Magic
  2762 | D:4      | Found a snail-covered altar of Cheibriados.
  3208 | D:4      | Reached XP level 7. HP: 36/36 MP: 10/13
  3403 | D:5      | Entered Level 5 of the Dungeon
  3450 | D:5      | Noticed Pikel
  3504 | D:6      | Killed Pikel
  3504 | D:6      | Reached skill level 5 in Spellcasting
  3504 | D:6      | Reached skill level 9 in Earth Magic
  3504 | D:6      | Reached XP level 8. HP: 22/41 MP: 2/15
  3592 | D:5      | HP: 1/41 [ogre/giant club (23)]
  3933 | D:5      | Found Waun Dauno's Antique Armour Emporium.
  3942 | D:5      | Gained mutation: Your natural rate of healing is unusually fast. [potion of mutation]
  3942 | D:5      | Gained mutation: You evolve. [potion of mutation]
  3969 | D:5      | Found a staircase to the Ecumenical Temple.
  3976 | Temple   | Entered the Ecumenical Temple
  4048 | Temple   | Became a worshipper of Vehumet
  4766 | D:5      | Learned a level 4 spell: Petrify
  4772 | D:5      | Learned a level 5 spell: Lee's Rapid Deconstruction
  4922 | D:6      | Reached skill level 10 in Earth Magic
  4944 | D:6      | Gained mutation: You rapidly evolve. [evolution]
  5705 | D:6      | Reached skill level 1 in Conjurations
  5705 | D:6      | Reached skill level 1 in Transmutations
  5705 | D:6      | Reached XP level 9. HP: 46/46 MP: 1/18
  6377 | D:7      | Got a shimmering whip
  6378 | D:7      | Identified the +6 whip "Brush" {slash, rC+} (You found it on level 7 of the Dungeon)
  6521 | D:7      | Reached skill level 1 in Maces & Flails
  6521 | D:7      | Reached skill level 11 in Earth Magic
  6944 | D:8      | Reached skill level 1 in Fighting
  6973 | D:8      | Found an oddly glowing altar of Pakellas.
  6973 | D:8      | Found a blossoming altar of Fedhas.
  7064 | D:8      | Reached skill level 1 in Armour
  7265 | D:8      | Found a sparkling altar of Nemelex Xobeh.
  7267 | D:8      | Found a deep blue altar of Sif Muna.
  7267 | D:8      | Found a basalt altar of Yredelemnul.
  7296 | D:8      | Reached * piety under Vehumet
  7296 | D:8      | Offered knowledge of Sting by Vehumet.
  7620 | D:8      | Found an opulent altar of Gozag.
  7676 | D:9      | Found a roughly hewn altar of Beogh.
  7678 | D:9      | Found a staircase to the Orcish Mines.
  7793 | D:8      | Gained mutation: Your flesh is heat resistant. [evolution]
  8166 | D:8      | Reached XP level 10. HP: 19/54 MP: 8/21
  8567 | D:9      | Offered knowledge of Throw Flame by Vehumet.
  8674 | D:9      | Reached ** piety under Vehumet
  8916 | D:10     | Entered Level 10 of the Dungeon
  9617 | D:10     | Found Teinkim's Gadget Shop.
 10193 | D:11     | Lost mutation: Your flesh is heat resistant. [evolution]
 10249 | D:11     | Noticed a gargoyle
 10282 | D:11     | Killed a gargoyle
 10367 | D:11     | Noticed a hill giant
 10383 | D:11     | Slain by a hill giant

Skill      XL: |  1  2  3  4  5  6  7  8  9 10 |
---------------+-------------------------------+-----
Earth Magic    | 4 5 6 7 9 10 11 | 11.8
Spellcasting   | 3 4 5 6 7 |  7.8
Dodging        | 2 3 4 |  4.6
Conjurations   | 1 |  1.0
Transmutations | 1 |  1.0
Maces & Flails | 2 3 |  3.9
Fighting       | 2 4 |  4.0
Armour         | 2 4 |  4.0
Stealth        | |  2.1

Action                   |  1- 3 |  4- 6 |  7- 9 | 10-12 || total
-------------------------+-------+-------+-------+-------++-------
Melee: Whip              |       |    15 |   192 |   160 ||   367
 Cast: Sandblast         |    41 |   143 |    85 |     1 ||   270
       Stone Arrow       |       |       |    15 |     3 ||    18
       Petrify           |       |       |     4 |     1 ||     5
       Lee's Rapid Decon |       |       |    21 |    14 ||    35
  Use: Potion            |       |       |     4 |     5 ||     9
       Scroll            |       |       |     4 |    13 ||    17
 Stab: Petrified         |       |       |     2 |     1 ||     3
       Sleeping          |       |       |     5 |     3 ||     8
       Invisible         |       |       |     2 |       ||     2
  Eat: Chunk             |       |     8 |    21 |    10 ||    39
       Beef jerky        |       |       |     1 |       ||     1
       Fruit             |       |       |       |     1 ||     1
Armor: Robe              |     2 |    27 |    98 |    64 ||   191
Dodge: Dodged            |     9 |    51 |   145 |   103 ||   308
